Map: Acid Plant LE

Players

Reynor - Winner!

  • Race: Zerg Zerg
  • League: Master
  • Spawn Location: 5:00

lIIllllIIlll (INnoVation)

  • Race: Terran Terran
  • League: Master
  • Spawn Location: 11:00

Event: HomeStory Cup XVIII

VOD

Have the link to the VOD?

Description

Time

  • Played on: Nov. 22, 2018, 3:59 p.m.
  • Length: 9:12

All games in this series

Show
View Real Time Build Order
Export as new Build Order

Reynor Zerg - Winner!

Build Orders: Pool First 

Get SALT Encoding   

  12  0:00  Drone  
  13  0:12  Overlord  
  13  0:17  Drone  
  14  0:30  Drone x2  
  16  0:40  Spawning Pool  
  15  0:44  Drone  
  15  0:48  Drone  
  17  1:08  Hatchery  
  16  1:12  Drone  
  17  1:28  Zergling x6  
  20  1:32  Queen  
  22  1:40  Extractor  
  22  1:41  Overlord  
  21  1:49  Drone  
  22  2:01  Drone  
  23  2:08  Queen  
  23  2:11  Drone  
  26  2:20  Drone  
  26  2:21  Drone  
  28  2:31  Drone  
  28  2:32  Drone  
  28  2:35  Queen  
  30  2:41  Drone  
  30  2:43  Overlord  
  32  2:44  Drone x2  
  32  2:46  Drone  
  34  2:53  Metabolic Boost  
  34  2:57  Drone x2  
  35  3:12  Hatchery  
  34  3:15  Drone x2  
  36  3:21  Drone x2  
  36  3:25  Queen  
  40  3:30  Overlord  
  40  3:37  Drone x3  
  43  3:44  Zergling x2  
  43  3:46  Overlord  
  44  3:51  Drone x2  
  44  3:53  Zergling x6  
  49  3:56  Overlord, Drone x2  
  49  4:02  Drone  
  52  4:03  Overlord  
  52  4:07  Drone x2  
  54  4:12  Queen  
  56  4:18  Zergling x4  
  56  4:21  Drone x3  
  61  4:24  Overlord  
  61  4:28  Drone  
  61  4:30  Drone  
  63  4:34  Drone x3  
  63  4:35  Evolution Chamber  
  63  4:36  Drone  
  63  4:37  Evolution Chamber  
  65  4:41  Drone  
  65  4:42  Drone  
  67  4:46  Extractor, Drone  
  67  4:52  Overlord, Drone  
  68  4:55  Drone  
  68  4:56  Overlord  
  69  5:00  Drone x2  
  69  5:01  Zerg Ground Armor Level 1  
  69  5:03  Zerg Missile Weapons Level 1, Drone x3  
  69  5:04  Overlord  
  74  5:11  Overlord  
  74  5:19  Extractor, Drone  
  74  5:20  Drone x3  
  77  5:21  Extractor  
  77  5:22  Zergling x6  
  77  5:23  Extractor  
  77  5:24  Lair  
  77  5:27  Zergling x4  
  77  5:28  Roach Warren  
  79  5:34  Drone  
  79  5:35  Drone x2  
  82  5:36  Zergling x2  
  82  5:38  Overlord  
  83  5:43  Drone x4  
  83  5:44  Drone  
  83  5:48  Drone  
  88  5:51  Extractor  
  88  5:54  Overlord  
  87  5:58  Overlord  
  87  5:59  Drone x2  
  87  6:01  Hatchery  
  84  6:13  Roach  
  84  6:14  Roach x9  
  84  6:18  Roach  
  104  6:22  Glial Reconstitution  
  104  6:24  Roach x2  
  105  6:27  Roach x3  
  111  6:33  Roach  
  111  6:36  Roach x3  
  111  6:37  Overlord  
  111  6:38  Roach x3  
  125  6:41  Roach  
  127  6:47  Overseer  
  127  6:48  Overlord  
  127  6:53  Roach x2  
  125  6:57  Roach  
  130  7:01  Roach x2  
  130  7:06  Overlord  
  130  7:07  Roach x2  
  130  7:08  Roach  
  136  7:10  Roach x4  
  136  7:11  Roach  
  136  7:13  Roach x3  
  151  7:19  Overlord  
  151  7:22  Overlord  
  151  7:26  Roach x3  
  151  7:27  Ravager x2  
  159  7:34  Overlord  
  159  7:38  Ravager x3  
  159  7:39  Roach x2  
  159  7:40  Zergling x8  
  159  7:41  Ravager  
  159  7:42  Zergling x2  
  159  7:43  Zergling x6  
  175  7:45  Overlord  
  175  7:49  Overlord  
  175  7:54  Ravager x4  
  175  7:55  Zergling x8  
  175  7:57  Overlord  
  183  8:05  Roach x7  
  191  8:09  Roach  
  191  8:10  Roach  
  180  8:14  Roach x2  
  180  8:19  Roach x2  
  187  8:20  Roach  
  187  8:25  Roach x2  
  185  8:33  Roach x4  
  177  8:44  Roach x5  
  177  8:45  Roach  
  189  8:51  Roach x2  
Show
View Real Time Build Order
Export as new Build Order

lIIllllIIlll Terran 

Build Orders: Reaper Expand 

Get SALT Encoding   

  12  0:00  SCV  
  13  0:12  SCV  
  14  0:17  Supply Depot  
  14  0:24  SCV  
  15  0:38  SCV  
  15  0:40  Barracks  
  16  0:43  Refinery  
  16  0:50  SCV  
  17  1:03  SCV  
  18  1:15  SCV  
  19  1:27  Reaper, Orbital Command  
  20  1:39  Command Center  
  20  1:51  Supply Depot  
  20  1:53  SCV  
  21  1:59  Marine  
  22  2:05  SCV  
  22  2:06  Factory  
  23  2:11  Refinery  
  23  2:17  SCV  
  23  2:19  Barracks Reactor  
  24  2:29  SCV  
  23  2:41  SCV  
  23  2:54  SCV  
  24  3:05  Starport  
  24  3:06  SCV  
  24  3:11  Orbital Command  
  25  3:18  Command Center, SCV  
  26  3:21  Barracks Tech Lab  
  26  3:30  SCV  
  26  3:31  Hellion  
  26  3:32  Hellion  
  31  3:37  SCV  
  32  3:42  SCV  
  32  3:45  Viking  
  35  3:50  SCV  
  35  3:53  Stimpack  
  35  3:54  SCV  
  37  3:59  Barracks  
  37  4:02  SCV  
  38  4:06  SCV  
  38  4:07  Barracks  
  38  4:09  Factory Reactor  
  39  4:10  Marine  
  39  4:14  SCV  
  41  4:17  Starport Tech Lab  
  41  4:18  SCV  
  42  4:26  SCV  
  42  4:28  Marine  
  42  4:30  SCV  
  45  4:31  Orbital Command  
  45  4:38  SCV  
  45  4:41  Engineering Bay x2  
  45  4:42  SCV  
  45  4:44  Starport Reactor  
  47  4:45  Marine  
  47  4:47  Marine x2  
  47  4:51  SCV  
  51  4:55  SCV  
  51  4:57  Factory Reactor  
  52  5:01  Marine x2  
  52  5:02  Orbital Command  
  52  5:03  Marine, SCV  
  52  5:05  Marine x2  
  52  5:07  Supply Depot, SCV  
  59  5:10  Supply Depot  
  59  5:12  Terran Infantry Weapons Level 1, Terran Infantry Armor Level 1  
  59  5:15  SCV  
  59  5:18  Marine  
  59  5:19  Marine, SCV  
  61  5:22  Refinery  
  61  5:24  Refinery  
  61  5:29  Medivac x2, SCV x2  
  61  5:31  SCV  
  61  5:33  Supply Depot  
  61  5:35  Supply Depot  
  68  5:38  Widow Mine x2  
  68  5:41  SCV x2  
  73  5:53  SCV x3  
  73  5:54  Combat Shield  
  73  5:56  Marine x3  
  73  5:57  Supply Depot, Marine x2  
  81  6:05  Widow Mine x2  
  81  6:06  SCV x3  
  86  6:14  Marine  
  86  6:18  Marine x4, SCV x2  
  86  6:19  SCV  
  86  6:22  Supply Depot x2, Armory  
  93  6:30  SCV x2  
  93  6:31  SCV  
  99  6:37  Medivac  
  99  6:39  Supply Depot x2  
  101  6:43  Marine x4, Medivac  
  106  6:51  SCV x2  
  106  6:52  SCV  
  106  6:53  Barracks  
  101  6:55  Barracks  
  101  6:56  Marauder  
  101  7:01  Marine x4, Siege Tank  
  110  7:05  Supply Depot  
  110  7:06  SCV x3  
  113  7:18  Marauder, Concussive Shells  
  113  7:21  Marine x3  
  113  7:22  Marine  
  117  7:29  Refinery  
  117  7:30  Supply Depot, Refinery  
  117  7:33  Siege Tank  
  117  7:34  SCV x3  
  123  7:37  Missile Turret  
  123  7:41  Barracks Tech Lab  
  123  7:43  Marine x4, Marauder  
  129  7:48  SCV x2  
  129  7:49  Supply Depot, SCV  
  129  7:50  Supply Depot  
  132  7:52  Medivac x2  
  132  7:54  Marine  
  132  7:55  Marine  
  132  7:57  Supply Depot  
  135  8:06  Siege Tank  
  135  8:07  Marine x4, Marauder x2  
  116  8:14  Orbital Command  
  116  8:19  Marine x2  
  114  8:22  Medivac  
  114  8:25  Marine x2  
  96  8:29  Marauder x2  
  80  8:37  Marine  
  80  8:38  Siege Tank  
  74  8:42  Marine  
  75  8:50  Marauder  
Tags
 
Add a new tag
Caveats
  • Supply blocks, unpowered buildings, or Contaminate may cause inaccurate times.
  • Supply counts are checked every 10 seconds.